 Dungeon Crawl Stone Soup version 0.28.0-43-g3370ac3207 (webtiles) character file.

Game seed: 17055441737982103517

808 NoSkeletonsAllowed the Charlatan (level 7, -2/35 HPs)
             Began as a Spriggan Artificer on Mar 21, 2022.
             Was a Believer of Makhleb.
             Slain by a gnoll sergeant
             ... wielding the +7 trident of Suzuisch {venom, rPois Dex+9}
              (13 damage)
             ... on level 5 of the Dungeon.
             The game lasted 00:49:28 (7642 turns).

NoSkeletonsAllowed the Charlatan (SpAr)             Turns: 7642, Time: 00:49:32

Health: -2/35      AC:  6    Str:  8    XL:     7   Next: 60%
Magic:  14/14      EV: 19    Int: 15    God:    Makhleb [**....]
Gold:   66         SH:  0    Dex: 15    Spells: 10/14 levels left

rFire   . . .      SeeInvis +   r - +1 falchion
rCold   . . .      Faith    .   (no shield)
rNeg    + . .      Spirit   .   b - +0 robe
rPois   .          Reflect  .   (helmet restricted)
rElec   .          Harm     .   (no cloak)
rCorr   .          Rampage  .   (gloves unavailable)
Will    +....                   (boots unavailable)
Stlth   ++........              (no amulet)
HPRegen 0.11/turn               k - ring of positive energy
MPRegen 0.14/turn               d - +4 ring of protection

@: lethally poisoned (-2 -> -8), very quick
A: very small, no large weapons, unfitting armour, see invisible, speed 3
a: Renounce Religion, Minor Destruction


You were on level 5 of the Dungeon.
You worshipped Makhleb.
Makhleb was pleased with you.
You visited 2 branches of the dungeon, and saw 6 of its levels.

You collected 246 gold pieces.
You spent 180 gold pieces at shops.

Inventory:

Hand Weapons
 a - a +0 club
 r - a +1 falchion (weapon)
Missiles
 g - 2 throwing nets
Armour
 b - a +0 robe (worn)
 f - a +0 robe
 n - a +0 ring mail of positive energy
Jewellery
 d - a +4 ring of protection (right hand)
 k - a ring of positive energy (left hand)
 l - a ring of resist corrosion
Scrolls
 c - a scroll of torment {unknown}
 m - a scroll of noise
 p - a scroll of summoning
 s - 4 scrolls of identify
 t - a scroll of amnesia {unknown}
 u - a scroll of enchant armour {unknown}
 v - a scroll of immolation {unknown}
 y - a scroll of blinking {unknown}
Potions
 h - a potion of haste {unknown}
 i - 2 potions of curing
 j - a potion of might
 o - 3 potions of brilliance
 q - 3 potions of heal wounds
 w - a potion of magic {unknown}
 x - a potion of lignification
 z - a potion of attraction {unknown}
Miscellaneous
 e - a piece from Xom's chessboard (13/15)


   Skills:
 * Level 2.3 Fighting
 * Level 2.7 Long Blades
 - Level 0.1 Maces & Flails
 * Level 4.7 Dodging
 + Level 2.9 Stealth
 * Level 4.1 Spellcasting
 * Level 2.0 Conjurations
 * Level 2.6 Fire Magic
 + Level 0.1 Invocations
 - Level 5.0 Evocations


You had 10 spell levels left.
You knew the following spells:

 Your Spells              Type           Power      Damage    Failure   Level
a - Foxfire               Conj/Fire      40%        2x1d6     7%          1
b - Conjure Flame         Conj/Fire      10%        6-21      21%         3

Your spell library contained the following spells:

 Spells                   Type           Power      Damage    Failure   Level
 Inner Flame              Hex/Fire       7%         N/A       30%         3
 Dazzling Flash           Conj/Hex       12%        N/A       34%         3
 Summon Guardian Golem    Hex/Summ       3%         N/A       47%         3
 Flame Wave               Conj/Fire      10%        2d5       56%         4
 Agony                    Necr           3%         N/A       99%         5
 Silence                  Hex/Air        1%         N/A       99%         5
 Orb of Destruction       Conj           4%         9d5       100%        7
 Spellforged Servitor     Conj/Summ      3%         N/A       100%        7


Dungeon Overview and Level Annotations

Branches:
Dungeon (5/15)             Temple (1/1) D:4

Altars:
Ashenzari
Cheibriados
Dithmenos
Elyvilon
Gozag
Makhleb
Okawaru
Qazlal
Uskayaw
Vehumet
Wu Jian
Xom
Yredelemnul
Zin

Shops:
D:3 !   D:4 (

Annotations:
D:5 1 transporter, Icepheonix32's ghost, weakling DsDe


Innate Abilities, Weirdness & Mutations

You are very small and have problems with some larger weapons.
You are too small for most types of armour.
You have supernaturally acute eyesight. (SInv)
You cover ground extremely quickly. (Speed+++)


Message History

You enter the shallow water.
Moving in this stuff is going to be slow.
There is a stone staircase leading down here.
Partly explored, unvisited transporter.
Partly explored, unvisited transporter.
You see here a +0 club.
Why would you want to do that? Why would you want to do that?
Why would you want to do that? Why would you want to do that?
You enter the shallow water.
Moving in this stuff is going to be slow.
The gnoll sergeant shouts!
You hear a shout! x5
Casting: Foxfire (safe; 7% risk of failure)
Confirm with . or Enter, or press ? or * to list all spells.
You conjure some foxfire!
The gnoll shouts!
You enter the shallow water.
Moving in this stuff is going to be slow.
Your foxfire dissipates! x2
There is a transporter here.
You enter the transporter and appear at another place.
The gnoll shouts!
Icepheonix32's ghost turns its malevolent gaze towards you.
The gnoll sergeant hits you from afar with the +7 trident of Suzuisch {venom, rPois Dex+9}.
You are poisoned.
The gnoll hits you. The gnoll completely misses you.
You make a move on Xom's chessboard...
The gnoll shaman twists and deforms.
You feel very sick.
The gnoll sergeant completely misses you.
The gnoll closely misses you. Icepheonix32's ghost hits you.
The gnoll hits you with a +0 spear.
The gnoll hits you from afar with a +2 spear of pain.
You make a move on Xom's chessboard...
Icepheonix32's ghost suddenly stops moving!
You feel sick.
The gnoll shaman calls upon its god to speed up the gnoll sergeant.
The gnoll sergeant seems to speed up.
The gnoll sergeant hits you from afar with the +7 trident of Suzuisch {venom, rPois Dex+9}!
You die...

....≈≈≈≈≈≈≈≈≈≈≈...≈≈≈≈≈≈≈≈≈≈≈.#
....≈≈≈≈≈≈≈≈≈≈≈...≈≈≈≈≈≈≈≈≈≈≈.#
....≈≈#####...........#####≈≈.#
..<.≈≈#.#.#.###.©.###.#.#g#≈≈.#
....≈≈#...###.#####©###.gg#≈≈.#
....≈≈###...............###≈≈.#
....≈≈.8#.######'######.#8.≈≈.#
....≈≈.##.#. #8gW#.⌠.#.##.≈≈.#
....≈≈.#..' #⌠@gg...'..#.≈≈.#
....≈≈.##.#. #8..#.⌠.#.##.≈≈.#
....≈≈.8#.######g######.#8.≈≈.#
....≈≈###......ggg......###≈≈.#
....≈≈#g..###g#####.###...#≈≈.#
#...≈≈#.#.#.###.©.###.#.#.#≈≈.#
##..≈≈#####...........#####≈≈.#
....≈≈≈≈≈≈≈≈≈≈≈≈≈≈≈≈≈≈≈≈≈≈≈≈≈.#
#.#.≈≈≈≈≈≈≈≈≈≈≈≈≈≈≈≈≈≈≈≈≈≈≈≈≈.#


You could see 3 gnoll sergeants, a gnoll shaman (misshapen), Icepheonix32's
ghost (paralysed) and 3 gnolls.

Vanquished Creatures
  Grinder (D:5)
  An ice beast (D:5)
  An ogre (D:5)
  A necrophage (D:4)
  A bullfrog skeleton (D:5)
  A centaur skeleton (D:3)
  A jelly (D:4)
  An iguana (D:5)
  An orc wizard (D:5)
  A hound zombie (D:5)
  7 adders
  A howler monkey skeleton (D:5)
  An ufetubus (D:2)
  3 worms
  3 dart slugs
  3 orcs
  8 ball pythons
  10 bats
  6 endoplasms
  5 giant cockroaches
  10 goblins
  8 hobgoblins
  2 jackals (D:4)
  6 kobolds
  A quokka (D:1)
  4 frilled lizards
  5 rats
93 creatures vanquished.

Vanquished Creatures (collateral kills)
  An adder (D:2)
  A worm (D:5)
  2 endoplasms (D:2)
  A giant cockroach (D:1)
  2 hobgoblins
  A quokka (D:2)
  A bat (D:2)
  A frilled lizard (D:3)
  A kobold (D:2)
  A rat (D:1)
12 creatures vanquished.

Vanquished Creatures (others)
  297 foxfires
  6 plants (D:5)
303 creatures vanquished.

Grand Total: 408 creatures vanquished

Notes
Turn   | Place    | Note
-------+----------+-------------------------------------------
     0 | D:1      | NoSkeletonsAllowed the Spriggan Artificer began the quest
                  | for the Orb.
     0 | D:1      | Reached XP level 1. HP: 9/9 MP: 2/2
    31 | D:1      | Reached skill level 1 in Fighting
   530 | D:1      | Reached XP level 2. HP: 9/14 MP: 3/3
   676 | D:1      | Learned a level 1 spell: Foxfire
  1359 | D:1      | Reached XP level 3. HP: 18/18 MP: 0/4
  2145 | D:2      | Reached skill level 1 in Spellcasting
  2444 | D:2      | Reached XP level 4. HP: 18/22 MP: 4/6
  2904 | D:2      | Reached skill level 1 in Conjurations
  3378 | D:3      | Noticed Ijyb
  3487 | D:3      | Found a stormy altar of Qazlal.
  3925 | D:3      | Found a faded altar of an unknown god.
  3934 | D:3      | Prayed at the altar of an unknown god.
  3934 | D:3      | Became a worshipper of Makhleb the Destroyer
  3934 | D:3      | Reached * piety under Makhleb
  4360 | D:3      | Reached skill level 1 in Fire Magic
  4419 | D:3      | Reached skill level 5 in Evocations
  4622 | D:3      | Found Felago Calu's Distillery.
  4642 | D:3      | Bought a potion of heal wounds for 50 gold pieces
  4642 | D:3      | Bought a potion of heal wounds for 50 gold pieces
  4642 | D:3      | Bought 2 potions of brilliance for 80 gold pieces
  4726 | D:3      | Reached XP level 5. HP: 25/25 MP: 5/9
  4872 | D:4      | Learned a level 3 spell: Conjure Flame
  5012 | D:4      | Found a glowing drain.
  5138 | D:4      | Found a glowing silver altar of Zin.
  5479 | D:4      | Found Ligiell's Antique Weapon Emporium.
  5576 | D:4      | Found a hide-covered altar of Uskayaw.
  5668 | D:4      | Reached ** piety under Makhleb
  5772 | D:4      | Found a staircase to the Ecumenical Temple.
  5951 | D:4      | Noticed a necrophage
  6022 | D:4      | Killed a necrophage
  6023 | D:4      | Reached skill level 1 in Long Blades
  6023 | D:4      | Reached XP level 6. HP: 25/30 MP: 2/11
  6411 | D:5      | Entered Level 5 of the Dungeon
  6542 | D:5      | Noticed Grinder
  6571 | D:5      | Killed Grinder
  6572 | D:5      | Reached XP level 7. HP: 34/34 MP: 1/13
  6635 | D:5      | Found a shimmering altar of Xom.
  6754 | Temple   | Entered the Ecumenical Temple
  7121 | D:5      | Found a transporter.
  7128 | D:5      | Found a transporter.
  7140 | D:5      | Identified the +7 trident of Suzuisch {venom, rPois Dex+9}
  7187 | D:5      | Noticed Icepheonix32's ghost (weakling DsDe)
  7642 | D:5      | Slain by a gnoll sergeant

Illustrated notes

Levels and vault maps discovered:
D:1:      dpeg_arrival_simpleton_a, layout_basic, chequers_decorated_corner
D:2:      layout_rooms
D:3:      layout_basic, grunt_qazlal_sundering, basic_ecumenical_altar,
          serial_shops, shop, uniq_ijyb
D:4:      layout_loops_corners, mainiacjoe_overflow_catwalk,
          nicolae_uskayaw_murder_on_the_dancefloor,
          minmay_temple_entry_from_below_b, portal_sewer_entry_a, serial_shops,
          shop_fountains
D:5:      minmay_angry_zag, layout_cave_pools, amcnicky_altar_gilded,
          gammafunk_ghost_gnarly_gnolls, uniq_grinder
Temple:   eino_temple_lava

Skill      XL: |  1  2  3  4  5  6  7 |
---------------+----------------------+-----
Fighting       | 1 2 |  2.3
Stealth        | 2 |  2.9
Spellcasting   | 1 2 3 4 |  4.1
Conjurations   | 1 2 |  2.0
Fire Magic     | 1 2 |  2.6
Evocations     | 5 |  5.0
Dodging        | 4 |  4.7
Long Blades    | 1 2 |  2.7
Maces & Flails | |  0.1
Invocations    | |  0.1

Action                   |  1- 3 |  4- 6 |  7- 9 || total
-------------------------+-------+-------+-------++-------
Melee: Club              |    70 |    25 |       ||    95
       Unarmed           |     9 |       |       ||     9
       Punch             |     1 |     1 |       ||     2
       Falchion          |       |    68 |    30 ||    98
 Cast: Foxfire           |    38 |   148 |    26 ||   212
       Conjure Flame     |       |     1 |       ||     1
Invok: Minor Destruction |       |       |     5 ||     5
Evoke: Wand              |    26 |     4 |     5 ||    35
       Piece from Xom's  |     1 |     1 |     2 ||     4
  Use: Scroll            |     1 |     5 |       ||     6
       Potion            |       |     2 |       ||     2
 Stab: Sleeping          |       |     1 |       ||     1
Armor: Robe              |    20 |    19 |     3 ||    42
       Skin              |       |     6 |       ||     6
Dodge: Dodged            |   130 |    86 |    27 ||   243
